AoeStats
← Ugomez

Nomad

510367044Analyzed
3v3 RM · 2d ago on Sep 30, 2026· 86m 12s· 6 players
Game mode
Random Map
Map size
210×210
Population
200
Speed
Normal
Resources
Standard
Victory
Conquest
Starting age
Dark Age
Ending age
Imperial Age
RankedLock teamsTeams togetherTeam positionsShared explorationLock speedFull tech treeHidden civsTurbo modeCheats
Victory
Defeat
🇪🇸 Spanish · Spain
746
+11
🇪🇸 Byzantines · Spain
711
+30
🇪🇸 Franks · Spain
610
+16
🇵🇹 Bohemians · Portugal
665
-15
🇮🇹 Chinese · Italy
622
-13
🇺🇸 Turks · United States
578
-11
FEARthisDUDE
4:59 Loom
16:36 Feudal Age
17:55 Wheelbarrow
17:07 Fishing Lines
18:12 Town Watch
18:57 Double-Bit Axe
20:59 Man-at-Arms
22:17 Arson
24:29 Bloodlines
24:17 Gold Mining
25:31 Stone Mining
30:09 Castle Age
31:01 Long Swordsman
33:48 Squires
39:22 Gillnets
44:01 Husbandry
48:17 Imperial Age
46:35 Fletching
46:28 Treadmill Crane
46:59 Masonry
48:14 Hand Cart
49:20 Conscription
57:20 Architecture
56:56 Padded Archer Armor
57:46 Capped Ram
65:01 Ballistics
67:39 Horse Collar
68:14 Bow Saw
68:43 Gold Shaft Mining
67:58 Elite Janissary
78:22 Siege Ram
ANCORA
17:07 Feudal Age
18:05 Horse Collar
19:59 Wheelbarrow
18:52 Man-at-Arms
33:59 Castle Age
35:22 Long Swordsman
Ccliberty89
13:33 Feudal Age
14:53 Wheelbarrow
15:34 Wheelbarrow
15:56 Man-at-Arms
16:48 Forging
17:16 Fletching
27:05 Castle Age
25:14 Horse Collar
25:48 Stone Mining
29:32 Scale Barding Armor
29:42 Bloodlines
33:03 Bodkin Arrow
33:48 Hand Cart
34:54 Gold Mining
37:36 Fervor
38:39 Double-Bit Axe
39:59 Caravan
44:05 Imperial Age
43:06 Fortified Wall
42:53 Murder Holes
43:19 Heavy Plow
44:27 Thumb Ring
45:30 Conscription
47:26 Padded Archer Armor
51:50 Cavalier
67:55 Arrowslits
69:12 Chemistry
68:24 Careening
70:53 Elite Fire Lancer
73:48 Scale Mail Armor
74:24 Iron Casting
74:09 Chain Barding Armor
Ugomez
15:17 Feudal Age
14:15 Loom
22:09 Castle Age
37:17 Double-Bit Axe
43:04 Scale Barding Armor
43:11 Forging
56:37 Imperial Age
57:01 Pikeman
61:53 Horse Collar
63:21 Halberdier
63:23 Crossbowman
64:13 Gold Mining
65:25 Fletching
68:09 Arbalester
71:19 Bodkin Arrow
75:46 Bow Saw
81:09 Ballistics
81:49 Chemistry
86:11 Heavy Plow
SeTaZ
13:06 Feudal Age
13:36 Double-Bit Axe
20:34 Man-at-Arms
28:11 Castle Age
28:44 Forging
28:35 Scale Mail Armor
28:46 Scale Barding Armor
28:42 Scale Mail Armor
32:59 Husbandry
45:49 Bow Saw
49:28 Gold Mining
49:29 Stone Mining
52:58 Chain Mail Armor
52:57 Forging
52:38 Fletching
58:29 Ballistics
59:30 Caravan
61:05 Iron Casting
61:35 Chain Barding Armor
64:56 Imperial Age
64:54 Demolition Ship
65:29 Cavalier
66:05 Heavy Demolition Ship
68:17 Blast Furnace
67:53 Plate Barding Armor
68:28 Paladin
Lima3
17:05 Feudal Age
18:25 Wheelbarrow
17:35 Loom
18:42 Horse Collar
18:53 Double-Bit Axe
24:58 Castle Age
23:07 Scale Barding Armor
23:13 Forging
27:47 Heavy Plow
27:59 Man-at-Arms
28:25 Gambesons
30:59 Long Swordsman
32:23 Hand Cart
32:26 Gold Mining
33:02 Chain Barding Armor
33:18 Iron Casting
32:44 Scale Mail Armor
32:45 Padded Archer Armor
32:35 Fletching
32:49 Husbandry
32:59 Bloodlines
32:10 Light Cavalry
37:30 Bow Saw
38:47 Pikeman
39:27 Squires
42:36 Caravan
53:28 Imperial Age
54:20 Cavalier
57:53 Blast Furnace
57:29 Plate Barding Armor
57:55 Supremacy
59:50 Chemistry
60:38 Paladin
78:06 Stone Mining
85:15 Elite Conquistador
Connection lost

Rejoining the realm…

Still unreachable

The connection could not be restored.

Session expired

The server has moved on; the page needs a fresh start.